Map: 애씨드 플랜트 - 래더

Players

llllllllll

  • Race: Terran Terran
  • League: Grandmaster
  • Spawn Location: 11:00

SuperNova - Winner!

  • Race: Terran Terran
  • League: Grandmaster
  • Spawn Location: 5:00

VOD

Have the link to the VOD?

Description

Time

  • Played on: Oct. 17, 2018, 11:47 p.m.
  • Length: 15:34
Show
View Real Time Build Order
Export as new Build Order

llllllllll Terran 

Build Orders: Reaper Expand 

Get SALT Encoding   

  12  0:00  SCV  
  13  0:12  SCV  
  14  0:17  Supply Depot  
  14  0:24  SCV  
  14  0:27  Refinery  
  15  0:38  SCV  
  16  0:44  Barracks  
  16  0:51  SCV  
  17  1:03  SCV  
  18  1:15  SCV  
  19  1:30  Orbital Command  
  19  1:31  Reaper  
  20  1:44  Command Center  
  20  1:55  Factory  
  20  1:59  SCV  
  21  2:05  Barracks Reactor  
  21  2:10  Refinery  
  21  2:11  SCV  
  22  2:17  Supply Depot  
  22  2:23  SCV  
  23  2:39  SCV  
  24  2:46  Hellion x2  
  24  2:47  Starport  
  28  2:51  SCV  
  28  2:57  Orbital Command  
  29  3:04  SCV  
  30  3:18  Cyclone  
  30  3:19  Cyclone  
  35  3:20  SCV  
  35  3:23  SCV  
  37  3:32  Starport Tech Lab  
  37  3:33  SCV  
  38  3:36  Supply Depot, SCV  
  39  3:45  SCV  
  39  3:48  SCV  
  41  3:56  Raven  
  41  4:02  SCV x2, Command Center  
  45  4:10  Supply Depot, Factory Tech Lab  
  45  4:11  Marine x2  
  45  4:14  SCV x2  
  45  4:16  Bunker  
  49  4:23  Refinery x2  
  47  4:31  Marine x2  
  47  4:37  Siege Tank, SCV x2  
  49  4:49  SCV x2  
  49  4:52  Marine x2  
  50  4:59  Raven  
  50  5:01  SCV x2  
  54  5:10  Marine x2  
  54  5:13  Barracks  
  56  5:15  Barracks  
  56  5:16  Orbital Command  
  56  5:20  SCV  
  56  5:21  SCV  
  57  5:28  Engineering Bay  
  57  5:32  Engineering Bay  
  57  5:35  Siege Tank  
  60  5:44  Liberator x2  
  60  5:45  SCV x2  
  60  5:49  Supply Depot, SCV  
  63  5:57  Marine  
  63  5:58  SCV  
  63  5:59  SCV  
  70  6:09  Barracks Tech Lab  
  70  6:10  Barracks Reactor  
  70  6:17  SCV x3  
  73  6:21  Barracks  
  73  6:22  Terran Infantry Weapons Level 1, Terran Infantry Armor Level 1  
  73  6:23  Barracks  
  73  6:25  Marine  
  73  6:30  SCV x3  
  76  6:33  Supply Depot  
  76  6:35  Supply Depot  
  76  6:36  Combat Shield  
  76  6:40  Siege Tank  
  76  6:44  SCV x2  
  82  6:49  Marine x2  
  84  6:55  Marauder x2  
  84  7:00  Supply Depot  
  86  7:03  Supply Depot, Medivac x2  
  86  7:04  SCV  
  86  7:05  Orbital Command, SCV  
  92  7:13  Barracks Tech Lab, Barracks Reactor  
  91  7:16  Marine  
  91  7:17  Marauder, SCV x2, Marine  
  91  7:22  Barracks Tech Lab  
  97  7:29  SCV x2  
  96  7:32  Missile Turret  
  96  7:34  Marauder  
  96  7:36  Stimpack, SCV  
  99  7:41  SCV x2  
  94  7:46  Marine  
  94  7:47  Marine  
  94  7:48  Marauder x2  
  101  7:53  Marine, SCV x2, Concussive Shells  
  101  7:54  Siege Tank, Marine, Viking x2  
  101  7:55  Marauder  
  108  8:05  Supply Depot  
  108  8:06  Supply Depot  
  108  8:08  Supply Depot  
  108  8:10  SCV x2  
  108  8:14  Marine x4  
  108  8:18  Orbital Command  
  109  8:22  SCV  
  109  8:23  SCV  
  109  8:25  Armory  
  111  8:27  Siege Tank  
  111  8:29  Marauder x3  
  117  8:38  Marine x4  
  117  8:39  SCV x2  
  120  8:46  Medivac x2  
  124  8:59  Marine x3  
  124  9:00  Marauder, Marine  
  124  9:01  Marauder x2, Siege Tank  
  137  9:04  Refinery  
  137  9:06  Refinery  
  137  9:07  SCV x3  
  140  9:16  Terran Infantry Weapons Level 2  
  140  9:19  SCV  
  140  9:23  Supply Depot x2  
  141  9:24  Supply Depot  
  141  9:25  Supply Depot, SCV x2  
  141  9:31  SCV  
  132  9:37  SCV x2  
  134  9:43  SCV  
  130  9:49  SCV  
  130  9:50  Terran Infantry Armor Level 2  
  130  9:51  Terran Vehicle Weapons Level 1  
  126  9:54  SCV  
  126  9:55  SCV  
  128  10:00  Marine x4  
  128  10:01  Marauder x3, SCV, Medivac  
  141  10:24  Command Center  
  141  10:33  Marine x4  
  141  10:34  Viking x2  
  141  10:35  Siege Tank  
  152  10:40  Supply Depot  
  152  10:41  Supply Depot  
  151  10:45  Missile Turret  
  151  10:48  Marauder x3, Sensor Tower  
  155  10:50  Missile Turret  
  143  11:04  Marine x4  
  128  11:09  Marauder x3  
  128  11:10  Viking x2  
  135  11:15  Siege Tank  
  136  11:26  Command Center  
  136  11:39  Marine  
  135  11:40  Marauder, Marine x3  
  135  11:41  Marauder x2, Terran Infantry Weapons Level 3  
  143  11:53  Siege Tank, Medivac x2  
  137  11:58  Barracks  
  137  12:01  Barracks x2  
  134  12:07  Marine x3  
  134  12:08  Marauder x2, Marine  
  133  12:09  Marauder  
  132  12:25  Marine x4  
  132  12:28  Siege Tank, Medivac x2  
  147  12:30  Marauder x3  
  149  12:39  Orbital Command  
  149  12:42  Terran Infantry Armor Level 3  
  149  12:48  Barracks Tech Lab  
  149  12:49  Barracks Tech Lab, Barracks Reactor  
  149  12:53  Refinery x2  
  149  12:55  Command Center  
  143  12:58  Marine x2  
  143  12:59  Marine x2  
  147  13:07  Medivac x2  
  151  13:17  Marauder x3  
  151  13:19  Marauder x2  
  161  13:21  Marine x2  
  161  13:22  Marine  
  163  13:40  Marine  
  163  13:41  Marine x5  
  169  13:54  Marauder x4  
  169  13:55  Marauder  
  179  14:05  Starport  
  179  14:07  Starport  
  179  14:10  Orbital Command  
  179  14:14  SCV x3  
  182  14:26  Marauder x3  
  182  14:27  Marauder  
  188  14:51  Marauder x5, Marine x6  
  198  14:59  Missile Turret  
  171  15:09  Marine  
  171  15:10  Marine x5  
  171  15:12  Marauder x2  
  171  15:13  Marauder x3  
Show
View Real Time Build Order
Export as new Build Order

SuperNova Terran - Winner!

Build Orders: Cyclone Opening 

Get SALT Encoding   

  12  0:01  SCV  
  13  0:13  SCV  
  14  0:19  Supply Depot  
  14  0:25  SCV  
  14  0:27  Refinery  
  15  0:40  SCV  
  16  0:45  Barracks  
  16  0:52  SCV  
  16  0:55  Refinery  
  17  1:04  SCV  
  18  1:16  SCV  
  19  1:31  Orbital Command  
  19  1:33  Factory  
  19  1:37  Reaper  
  20  1:47  Supply Depot  
  20  1:58  SCV  
  21  2:09  Reaper  
  21  2:10  SCV  
  23  2:17  Hellion  
  23  2:22  SCV  
  26  2:31  Command Center  
  26  2:35  SCV  
  27  2:41  Cyclone  
  30  2:44  Barracks Reactor  
  30  2:50  Supply Depot  
  30  2:53  SCV  
  31  3:20  SCV  
  31  3:25  Cyclone x2  
  38  3:32  SCV  
  39  3:44  Orbital Command  
  39  3:46  SCV  
  40  3:57  Cyclone x2  
  40  3:58  SCV  
  40  4:01  Supply Depot  
  47  4:07  Engineering Bay  
  47  4:10  SCV x2  
  49  4:22  SCV x2  
  51  4:31  Cyclone  
  53  4:36  Cyclone  
  56  4:41  Missile Turret  
  50  4:53  SCV x2  
  50  4:56  Barracks Tech Lab  
  50  4:58  Factory, Command Center  
  52  5:01  Refinery x2  
  52  5:05  SCV x2  
  54  5:08  Supply Depot  
  54  5:11  Hellion x2  
  58  5:17  SCV  
  58  5:19  SCV  
  60  5:21  Starport  
  60  5:22  Barracks Reactor  
  60  5:30  SCV  
  60  5:31  SCV  
  62  5:39  Hellion x2  
  62  5:42  SCV  
  67  5:45  Armory  
  67  5:49  SCV  
  68  5:51  Supply Depot  
  67  5:59  Siege Tank  
  70  6:09  SCV x2, Medivac x2  
  76  6:11  Orbital Command  
  76  6:14  Supply Depot  
  76  6:15  Hellion  
  76  6:16  Hellion  
  80  6:21  SCV  
  80  6:23  SCV  
  82  6:31  Siege Tank  
  85  6:33  SCV, Infernal Pre-Igniter  
  85  6:38  Hellion  
  88  6:40  Orbital Command  
  88  6:48  SCV, Hellion  
  88  6:49  SCV  
  88  6:51  Supply Depot  
  88  6:52  Terran Vehicle Weapons Level 1  
  92  7:00  SCV  
  93  7:01  Hellion  
  93  7:04  SCV  
  93  7:05  SCV  
  93  7:06  Viking  
  93  7:07  Viking  
  101  7:10  Refinery  
  101  7:13  SCV  
  101  7:14  Siege Tank  
  105  7:27  Hellion  
  105  7:28  Hellion  
  109  7:30  Supply Depot  
  109  7:31  Supply Depot x2  
  109  7:43  Viking x2  
  108  7:46  Siege Tank  
  108  7:47  SCV x2  
  108  7:49  Hellion  
  108  7:50  SCV  
  107  7:59  SCV x2  
  107  8:02  SCV  
  110  8:08  Hellion  
  110  8:11  SCV x2  
  114  8:14  SCV  
  114  8:18  Siege Tank  
  114  8:19  Armory  
  118  8:21  Hellion  
  118  8:22  Barracks Tech Lab  
  118  8:23  SCV  
  118  8:24  Factory  
  118  8:25  Supply Depot, Viking  
  122  8:36  SCV  
  122  8:40  SCV  
  122  8:41  SCV  
  125  8:42  Refinery  
  125  8:49  SCV  
  125  8:51  Hellion x2  
  125  8:52  SCV  
  125  8:53  SCV  
  132  8:56  Viking x2  
  132  8:59  Missile Turret  
  132  9:01  SCV  
  137  9:04  SCV  
  137  9:05  Siege Tank  
  137  9:07  Sensor Tower  
  141  9:11  Supply Depot  
  141  9:13  Supply Depot  
  141  9:20  Terran Vehicle And Ship Armor Level 1  
  141  9:30  Terran Vehicle Weapons Level 2, SCV x2  
  141  9:33  SCV, Hellion x2  
  141  9:35  Supply Depot  
  141  9:36  Supply Depot  
  146  9:40  Siege Tank  
  146  9:42  SCV x2  
  146  9:45  SCV  
  138  9:54  SCV x2  
  138  9:57  SCV  
  141  10:03  Siege Tank, Hellion  
  141  10:06  SCV x2  
  148  10:09  SCV  
  148  10:10  Hellion  
  151  10:18  SCV x2  
  153  10:21  SCV  
  154  10:28  Supply Depot  
  154  10:29  Siege Tank  
  154  10:30  SCV x2  
  154  10:35  SCV  
  160  10:37  Siege Tank, Command Center  
  160  10:38  Hellion x2  
  160  10:42  SCV, Barracks  
  168  10:50  Viking x2  
  160  11:01  Hellion x2  
  159  11:04  SCV  
  159  11:05  Siege Tank  
  156  11:14  Siege Tank  
  159  11:22  Viking x2  
  163  11:25  Refinery  
  163  11:26  Starport x2  
  163  11:28  SCV  
  163  11:29  SCV x2  
  166  11:33  Refinery  
  166  11:37  Siege Tank, Terran Vehicle And Ship Armor Level 2  
  166  11:47  Siege Tank  
  166  11:54  Hellion x2  
  168  12:00  Viking x2  
  172  12:04  Factory  
  172  12:06  Starport Reactor, Starport Tech Lab  
  172  12:07  Fusion Core  
  170  12:08  Factory  
  170  12:09  Siege Tank  
  170  12:14  SCV  
  154  12:18  Hellion x2  
  154  12:19  Siege Tank  
  154  12:22  Planetary Fortress  
  161  12:23  SCV  
  161  12:24  SCV  
  161  12:26  SCV  
  164  12:35  Viking  
  164  12:36  Viking  
  168  12:37  Raven  
  168  12:39  SCV  
  168  12:40  SCV x2  
  168  12:43  Missile Turret  
  173  12:44  Missile Turret  
  173  12:50  Siege Tank  
  173  12:51  Factory Tech Lab, Hellion x2  
  180  12:53  Factory Reactor  
  174  13:02  SCV x3  
  174  13:03  SCV  
  178  13:09  Refinery  
  178  13:11  Missile Turret  
  178  13:12  Missile Turret, Liberator x2  
  178  13:14  Siege Tank, SCV  
  180  13:29  Raven  
  188  13:40  Siege Tank x2  
  188  13:41  Hellion  
  196  13:45  Refinery  
  196  13:50  Missile Turret x2  
  196  14:09  Missile Turret  
  196  14:10  Missile Turret x2  
  196  14:19  Missile Turret x2  
  196  14:20  Missile Turret  
  196  14:28  Command Center  
  196  14:45  Viking  
  195  14:46  Viking  
  195  14:47  Viking  
  196  14:53  Missile Turret  
  196  14:55  Missile Turret  
Tags
 
Add a new tag
Caveats
  • Supply blocks, unpowered buildings, or Contaminate may cause inaccurate times.
  • Supply counts are checked every 10 seconds.